 Dungeon Crawl Stone Soup version 0.29.1-1-gd02db6906a (webtiles) character file.

Game seed: 3603628628198554821

10380 jamesp the Destroyer (level 11, -4/89 HPs)
             Began as a Purple Draconian Conjurer on Sept 27, 2022.
             Was an Elder of Vehumet.
             Slain by a blink frog (10 damage)
             ... on level 1 of the Lair of Beasts on Sept 28, 2022.
             The game lasted 01:21:59 (14161 turns).

jamesp the Destroyer (Purple Draconian Conjurer)   Turns: 14161, Time: 01:21:59

Health: -4/89      AC:  9    Str: 11    XL:     11   Next: 35%
Magic:  2/23       EV: 12    Int: 28    God:    Vehumet [****..]
Gold:   556        SH:  0    Dex:  9    Spells: 4/26 levels left

rFire   + . .      SeeInvis .   J - staff of earth
rCold   + . .      Faith    .   (no shield)
rNeg    . . .      Spirit   .   (body armour unavailable)
rPois   +          Reflect  .   (helmet restricted)
rElec   .          Harm     .   w - scarf {rC+ rF+}
rCorr   .          Rampage  .   P - +0 pair of gloves
Will    +....                   x - +0 pair of boots
Stlth   ++........              k - amulet of regeneration
HPRegen 1.04/turn               A - +6 ring of intelligence
MPRegen 0.18/turn               y - ring of poison resistance

@: no status effects
A: breathe power, AC +7, unfitting armour, cold-blooded
a: Breathe Dispelling Energy, Renounce Religion


You were on level 1 of the Lair of Beasts.
You worshipped Vehumet.
Vehumet was greatly pleased with you.
You visited 3 branches of the dungeon, and saw 12 of its levels.
You also visited: Ossuary and Bailey.

You collected 556 gold pieces.

Inventory:

Hand Weapons
 c - a +0 whip of flaming
 z - a +2 dagger of venom
Missiles
 b - 87 stones
 f - 7 throwing nets
 o - 37 poisoned darts
 M - 3 curare-tipped darts
 O - 4 boomerangs
Armour
 d - a scarf of repulsion
 s - a +1 cloak
 w - a scarf of resistance (worn)
 x - a +0 pair of boots (worn)
 K - a scarf of invisibility
 P - a +0 pair of gloves (worn)
Magical Staves
 J - a staff of earth (weapon)
Jewellery
 k - an amulet of regeneration (around neck)
 p - the ring "Jeopt" {rElec rF+++ Int-4 Dex+6 Slay-5}
   (You took it off a gnoll on level 2 of the Dungeon)

   [ring of dexterity]

   Int:       It affects your intelligence (-4).
   Dex:       It affects your dexterity (+6).
   Slay:      It affects your accuracy & damage with ranged weapons and melee
   (-5).
   rF:        It renders you almost immune to fire.
   rElec:     It insulates you from electricity.
 y - a ring of poison resistance (right hand)
 A - a +6 ring of intelligence (left hand)
 H - an amulet of magic regeneration
Wands
 F - a wand of polymorph (10)
Scrolls
 g - 9 scrolls of teleportation
 h - 2 scrolls of amnesia
 l - 4 scrolls of vulnerability
 q - a scroll of torment {unknown}
 u - 2 scrolls of noise {unknown}
 B - a scroll of immolation
 C - 2 scrolls of poison
 D - a scroll of enchant armour
 G - 3 scrolls of fear {unknown}
 I - 2 scrolls of butterflies
 S - a scroll of magic mapping
Potions
 a - 3 potions of magic
 e - 7 potions of degeneration
 i - 2 potions of cancellation
 j - 4 potions of curing
 n - 6 potions of attraction
 r - 4 potions of lignification
 t - 2 potions of haste
 v - 4 potions of brilliance
 L - a potion of might
 N - a potion of mutation
 Q - a potion of resistance
 R - a potion of invisibility
Miscellaneous
 m - a lightning rod (4/4)
 E - a box of beasts


   Skills:
 - Level 6.0 Fighting
 - Level 6.2(6.5) Maces & Flails
 + Level 2.6(4.8) Staves
 - Level 3.0 Dodging
 - Level 1.7 Stealth
 + Level 8.1 Spellcasting
 + Level 11.1 Conjurations
 - Level 4.0 Hexes
 - Level 5.6 Translocations
 + Level 4.0 Fire Magic
 - Level 4.0 Evocations


You had 4 spell levels left.
You knew the following spells:

 Your Spells              Type           Power      Damage    Failure   Level
a - Magic Dart            Conj           100%       1d8       1%          1
b - Searing Ray           Conj           100%       2d8       1%          2
c - Fulminant Prism       Conj/Hex       26%        3d14      1%          4
d - Foxfire               Conj/Fire      100%       2x1d9     1%          1
e - Iskenderun's Mystic   Conj/Tloc      55%        2d12      1%          4
f - Mephitic Cloud        Conj/Pois/Air  32%        N/A       1%          3
g - Sticky Flame          Conj/Fire      52%        2d7       1%          4
h - Ignite Poison         Fire/Tmut/Pois 18%        N/A       2%          3

Your spell library contained the following spells:

 Spells                   Type           Power      Damage    Failure   Level
 Apportation              Tloc           84%        N/A       1%          1
 Shock                    Conj/Air       100%       1d9       1%          1
 Dazzling Flash           Conj/Hex       100%       N/A       1%          3
 Portal Projectile        Hex/Tloc       76%        N/A       1%          3
 Tukima's Dance           Hex            33%        N/A       2%          3
 Ensorcelled Hibernation  Hex/Ice        44%        N/A       3%          2
 Passage of Golubria      Tloc           42%        N/A       4%          4
 Passwall                 Tmut/Erth      14%        N/A       8%          2
 Sublimation of Blood     Necr           11%        N/A       8%          2
 Cause Fear               Hex            16%        N/A       10%         4
 Airstrike                Air            5%         2d(1-17)  13%         4
 Call Canine Familiar     Summ           11%        N/A       14%         3
 Swiftness                Air            11%        N/A       14%         3
 Leda's Liquefaction      Hex/Erth       16%        N/A       22%         4
 Petrify                  Tmut/Erth      17%        N/A       43%         4
 Irradiate                Conj/Tmut      21%        3d18      4%          5
 Yara's Violent Unravell  Hex/Tmut       11%        3d6       16%         5
 Alistair's Intoxication  Tmut/Pois      7%         N/A       80%         5
 Dragon Form              Tmut           5%         N/A       100%        7
 Dragon's Call            Summ           5%         N/A       100%        9


Dungeon Overview and Level Annotations

Branches:
Dungeon (10/15)            Temple (1/1) D:5            Lair (1/5) D:9
Ossuary (visited)          Bailey (visited)
    Orc: D:9-12

Altars:
Ashenzari
Dithmenos
Elyvilon
Gozag
Hepliaklqana
Kikubaaqudgha
Sif Muna
Trog
Vehumet
Wu Jian

Shops:
D:5 *   D:10 :

Annotations:
D:4 3 runed translucent doors, exclusion: statue, QueenGhuleh's ghost, amateur NaBe; cookedgoose's ghost, amateur DrWr; karrick's ghost, novice MeTm


Innate Abilities, Weirdness & Mutations

You can breathe bolts of dispelling energy.
Your rich purple scales are hard. (AC +7)
You cannot fit into any form of body armour.
You are cold-blooded and may be slowed by cold attacks.


Message History

Your surroundings suddenly seem different.
A blink frog comes into view.
The blink frog croaks.
You feel better.
A blink frog comes into view.
Casting: Mephitic Cloud (safe; 1% risk of failure)
Confirm with . or Enter, or press ? or * to list all spells.
Okay, then.
A wyvern comes into view.
A blink frog comes into view.
You miss the blink frog.
The blink frog hits you but does no damage.
The blink frog blinks!
The blink frog hits you but does no damage.
The blink frog barely misses you.
You barely miss the blink frog.
The blink frog hits you but does no damage.
The blink frog hits you.
* * * LOW HITPOINT WARNING * * *
The blink frog blinks!
Casting: Mephitic Cloud (safe; 1% risk of failure)
Confirm with . or Enter, or press ? or * to list all spells.
You conjure some foxfire!
The foxfire hits the blink frog!
The blink frog is moderately wounded.
The foxfire hits the blink frog.
The blink frog is heavily wounded.
Casting: Foxfire (safe; 1% risk of failure)
Confirm with . or Enter, or press ? or * to list all spells.
You conjure some foxfire!
The blink frog barely misses you.
Your foxfire dissipates!
The foxfire hits the blink frog!
The blink frog is severely wounded.
The blink frog hits you!
* * * LOW HITPOINT WARNING * * *
Casting: Foxfire (safe; 1% risk of failure)
Confirm with . or Enter, or press ? or * to list all spells.
You conjure some foxfire!
The blink frog blinks!
The blink frog hits you!
* * * LOW HITPOINT WARNING * * *
The blink frog hits you!
You die...

## ## #
####.#######l###P.##
................ ...
........##.#.##....
......v.#..........
#.F@....F......
#.v.#.....#....
#.ยงยง#.....# .
#.........#
#F..#.....+
#...#.....#
#...#.....#
#....##..## #....
...


You could see 3 blink frogs.

Vanquished Creatures
  A two-headed ogre (D:9)
  An elephant (D:9)
  2 gargoyles (D:10)
  A komodo dragon (Lair:1)
  A polar bear (Lair:1)
  A troll (D:10)
  2 hornets (D:9)
  Prince Ribbit (D:6)
  3 yaks
  2 wyverns
  A shadow (D:9)
  A basilisk (D:9)
  A steam dragon (D:6)
  2 vampire mosquitoes (D:10)
  3 water moccasins
  2 orc warriors
  4 black bears
  2 sky beasts
  An ogre (D:6)
  8 wolves
  3 centaurs
  2 phantoms
  2 elf zombies (Ossuary)
  3 kobold brigands
  10 gnoll sergeants
  3 bullfrogs
  2 scorpions
  5 wights
  7 killer bees
  2 howler monkeys
  8 hounds
  3 jellies
  7 gnoll boudas
  5 orc priests
  Jessica (D:3)
  3 iguanas
  12 orc wizards
  2 hound zombies (Ossuary)
  4 mummies (Ossuary)
  8 adders
  20 gnolls
  A white imp (D:7)
  An ufetubus (D:7)
  2 adder zombies (Ossuary)
  2 worms
  2 dart slugs
  33 orcs
  9 endoplasms
  A giant cockroach (D:1)
  9 goblins
  5 hobgoblins
  2 jackals (D:3)
  7 quokkas
  11 ball pythons
  12 bats
  6 frilled lizards
  2 gnoll zombies (Ossuary)
  A goblin zombie (Ossuary)
  A hobgoblin zombie (Ossuary)
  14 kobolds
  A kobold zombie (Ossuary)
  4 rats
  A rat zombie (Ossuary)
  A fulminant prism (D:8)
280 creatures vanquished.

Vanquished Creatures (collateral kills)
  An ugly thing (D:7)
  Duvessa (D:7)
  Dowan (D:7)
  2 iguanas (D:7)
  An orc (D:7)
6 creatures vanquished.

Vanquished Creatures (others)
  155 foxfires
  36 fulminant prisms
  6 fungi
  3 plants
200 creatures vanquished.

Grand Total: 486 creatures vanquished

Notes
Turn   | Place    | Note
-------+----------+-------------------------------------------
     0 | D:1      | jamesp the Draconian Conjurer began the quest for the Orb.
     0 | D:1      | Reached XP level 1. HP: 14/14 MP: 3/3
   187 | D:1      | Found a faded altar of an unknown god.
   334 | D:1      | Reached XP level 2. HP: 20/20 MP: 3/5
  1100 | D:1      | Reached XP level 3. HP: 26/26 MP: 4/6
  1122 | D:1      | Learned a level 2 spell: Searing Ray
  2064 | D:2      | Reached XP level 4. HP: 24/33 MP: 4/8
  2187 | D:1      | Found a shimmering blue altar of Sif Muna.
  2276 | D:2      | Identified the ring "Jeopt" {rElec rF+++ Int-4 Dex+6
                  | Slay-5}
  2555 | D:3      | Found a bloodstained altar of Trog.
  2562 | D:3      | Found an ornate altar of the Wu Jian Council.
  3403 | D:3      | Reached XP level 5. HP: 39/39 MP: 3/9
  3667 | D:3      | Noticed Jessica
  3675 | D:3      | Killed Jessica
  3676 | D:3      | Reached skill level 1 in Fighting
  3676 | D:3      | Reached skill level 5 in Conjurations
  4289 | D:4      | Noticed QueenGhuleh's ghost (amateur NaBe)
  4290 | D:4      | Found a runed translucent gate.
  4290 | D:4      | Found a runed translucent gate.
  4290 | D:4      | Noticed cookedgoose's ghost (amateur DrWr)
  4423 | D:4      | Reached XP level 6. HP: 48/48 MP: 4/11
  4751 | D:4      | Reached skill level 1 in Maces & Flails
  4931 | D:4      | Identified the +1 leather armour of Leaves {rF+ Regen+}
  4979 | D:4      | Found a radiant altar of Vehumet.
  4985 | D:4      | Became a worshipper of Vehumet
  5027 | D:4      | Found a runed translucent gate.
  5028 | D:4      | Noticed karrick's ghost (novice MeTm)
  5264 | D:5      | Entered Level 5 of the Dungeon
  5677 | D:5      | Found Xowy's Elemental Accessories.
  5708 | D:5      | Your scales start taking on a rich purple colour.
  5708 | D:5      | Reached skill level 5 in Spellcasting
  5708 | D:5      | Reached XP level 7. HP: 55/55 MP: 10/14
  5833 | D:5      | Found a staircase to the Ecumenical Temple.
  5872 | D:5      | Reached skill level 6 in Conjurations
  5973 | D:5      | Learned a level 4 spell: Fulminant Prism
  6922 | D:6      | Reached skill level 1 in Hexes
  6922 | D:6      | Reached XP level 8. HP: 44/61 MP: 11/17
  7025 | D:5      | Reached skill level 7 in Conjurations
  7203 | Temple   | Entered the Ecumenical Temple
  7390 | D:6      | Reached * piety under Vehumet
  7390 | D:6      | Offered knowledge of Foxfire by Vehumet.
  7473 | D:6      | Reached skill level 5 in Maces & Flails
  7567 | D:5      | Learned a level 1 spell: Foxfire
  7636 | D:6      | Noticed Prince Ribbit
  7697 | D:5      | Learned a level 4 spell: Iskenderun's Mystic Blast
  7912 | D:6      | Reached skill level 8 in Conjurations
  7912 | D:6      | Reached XP level 9. HP: 38/67 MP: 4/18
  8028 | D:6      | Killed Prince Ribbit
  8029 | D:6      | Reached skill level 1 in Translocations
  8738 | D:7      | Noticed Duvessa
  8862 | D:7      | Reached ** piety under Vehumet
  8862 | D:7      | Offered knowledge of Poisonous Vapours by Vehumet.
  9040 | D:7      | Found a flagged portal.
  9047 | Bailey   | Entered a bailey
  9051 | Bailey   | Reached skill level 9 in Conjurations
  9525 | Bailey   | Reached XP level 10. HP: 80/80 MP: 15/19
  9565 | Bailey   | Reached skill level 5 in Fighting
  9687 | Bailey   | Offered knowledge of Mephitic Cloud by Vehumet.
  9747 | Bailey   | Learned a level 3 spell: Mephitic Cloud
 10039 | D:7      | Noticed Dowan
 10042 | D:7      | Killed Duvessa
 10047 | D:7      | Killed Dowan
 10048 | D:7      | Reached skill level 5 in Translocations
 10049 | D:7      | Noticed a green ugly thing
 10056 | D:7      | Killed a green ugly thing
 10346 | D:7      | Reached *** piety under Vehumet
 10560 | D:7      | Reached skill level 10 in Conjurations
 10788 | D:8      | Found a sand-covered staircase.
 10800 | Ossuary  | Entered an ossuary
 10819 | Ossuary  | Reached skill level 1 in Evocations
 10827 | Ossuary  | Offered knowledge of Sticky Flame by Vehumet.
 11917 | D:8      | Learned a level 4 spell: Sticky Flame
 12055 | D:9      | Noticed a two-headed ogre
 12203 | D:9      | Reached **** piety under Vehumet
 12204 | D:9      | Reached skill level 1 in Fire Magic
 12253 | D:9      | Offered knowledge of Ignite Poison by Vehumet.
 12265 | D:9      | Learned a level 3 spell: Ignite Poison
 12421 | D:9      | Killed a two-headed ogre
 12555 | D:9      | Found a large runed translucent door.
 12555 | D:9      | Found a large runed translucent door.
 12659 | D:9      | Noticed an elephant
 12675 | D:9      | Killed an elephant
 12676 | D:9      | Reached XP level 11. HP: 70/89 MP: 1/22
 12981 | D:9      | Found a hazy altar of Hepliaklqana.
 13069 | D:9      | Found a staircase to the Lair.
 13184 | D:9      | Reached skill level 1 in Staves
 13200 | D:9      | Found an ancient bone altar of Kikubaaqudgha.
 13208 | D:9      | Found an opulent altar of Gozag.
 13317 | D:10     | Entered Level 10 of the Dungeon
 13371 | D:10     | Found Meatsum's Tremendous Tomes.
 13824 | D:10     | Reached skill level 11 in Conjurations
 13990 | Lair:1   | Entered Level 1 of the Lair of Beasts
 14161 | Lair:1   | Slain by a blink frog

Illustrated notes

Levels and vault maps discovered:
D:1:      dpeg_arrival_lava_altar, layout_basic,
          hellmonk_ecumenical_altar_heavens_door
D:2:      layout_rooms
D:3:      minmay_skewed_foursquare, layout_basic,
          mainiacjoe_overflow_large_starburst, kennysheep_generic_room_14,
          uniq_jessica
D:4:      layout_basic, vehumet_statue, gammafunk_ghost_cemetery,
          reono_crystal_passage
D:5:      black_bear_nest_1, layout_cave_pods, temple_doors_e,
          nicolae_elemental_shop, chequers_jeans, nicolae_eternal_life
D:6:      layout_loops_ring, uniq_prince_ribbit1
D:7:      layout_basic, enter_bailey_2, eino_tiny_chamber, uniq_duvessa
D:8:      layout_basic, chequers_ossuary_entry_cave
D:9:      layout_basic, jmf_multi_god_temple2, nicolae_hepliaklqana_hippocampus,
          david_lair_generic, serial_glass, glass_columns_a, glass_columns_b,
          glass_columns_b, glass_columns_c, glass_columns_a, glass_columns_a
D:10:     layout_roguey, nicolae_shop_i_like_big_books,
          hangedman_abyss_or_decor_clamps, minmay_misc_feat_five
Temple:   lightli_temple_of_artemis
Lair:1:   layout_chaotic_city, portal_ice_cave_entry_imps

Skill      XL: |  1  2  3  4  5  6  7  8  9 10 11 |
---------------+----------------------------------+-----
Dodging        | 2 3 |  3.0
Spellcasting   | 3 5 6 7 8 |  8.1
Fighting       | 2 4 6 |  6.0
Conjurations   | 5 6 8 9 10 11 | 11.1
Maces & Flails | 2 4 5 6 |  6.2
Hexes          | 1 4 |  4.0
Translocations | 4 5 |  5.6
Evocations     | 4 |  4.0
Fire Magic     | 2 4 |  4.0
Staves         | 2 |  2.6
Stealth        | |  1.7

Action                   |  1- 3 |  4- 6 |  7- 9 | 10-12 || total
-------------------------+-------+-------+-------+-------++-------
Melee: Unarmed           |     4 |       |       |       ||     4
       Tailslap          |     3 |     3 |    15 |    31 ||    52
       Whip              |    19 |    66 |   167 |    53 ||   305
       Punch             |       |     1 |     4 |     2 ||     7
       Staff             |       |       |       |   130 ||   130
 Cast: Magic Dart        |    58 |    95 |    95 |    21 ||   269
       Searing Ray       |     4 |    10 |    34 |     9 ||    57
       Fulminant Prism   |       |       |    12 |    25 ||    37
       Foxfire           |       |       |    44 |    47 ||    91
       Mephitic Cloud    |       |       |       |    32 ||    32
       Ignite Poison     |       |       |       |    12 ||    12
       Sticky Flame      |       |       |       |    17 ||    17
 Abil: Breathe Dispellin |       |       |     1 |       ||     1
Evoke: Box of beasts     |       |       |       |     1 ||     1
  Use: Scroll            |       |     5 |     5 |    13 ||    23
       Potion            |       |       |     3 |     1 ||     4
 Stab: Sleeping          |     1 |       |       |       ||     1
       Confused          |       |       |       |    10 ||    10
Armor: Skin              |    16 |    30 |    89 |    88 ||   223
Dodge: Dodged            |    25 |    53 |   203 |   169 ||   450
